 Dungeon Crawl Stone Soup version 0.21.0-3-g78d12a8 (webtiles) character file.

52 mopl the Insei (level 3, -1/26 HPs)
             Began as a Barachi Transmuter on Jan 9, 2018.
             Slain by Crazy Yiuf
             ... wielding a +4 quarterstaff of chaos
              (8 damage)
             ... on level 2 of the Dungeon.
             The game lasted 00:02:35 (1267 turns).

mopl the Insei (Barachi Transmuter)                 Turns: 1267, Time: 00:02:36

Health: -1/26      AC:  2    Str: 11    XL:     3   Next: 85%
Magic:  3/6        EV: 10    Int: 14    God:
Gold:   61         SH:  0    Dex: 17    Spells: 0/6 levels left

rFire    . . .     SeeInvis .     - Unarmed
rCold    . . .     Gourm    .   (shield currently unavailable)
rNeg     . . .     Faith    .   (armour currently unavailable)
rPois    x         Spirit   .   (helmet currently unavailable)
rElec    .         Reflect  .   (cloak currently unavailable)
rCorr    .         Harm     .   (gloves currently unavailable)
MR       .....                  (boots currently unavailable)
Stlth    +++.......             (no amulet)
HPRegen  0.08/turn              f - ring of stealth
MPRegen  0.10/turn              (no ring)

@: lethally poisoned (-1 -> -24), spider-form (expiring), petrifying (expiring),
very slow
A: tiny, +LOS, swims
a: End Transformation


You were on level 2 of the Dungeon.
You were not hungry.
You were a venomous arachnid creature.
You visited 1 branch of the dungeon, and saw 2 of its levels.

You collected 61 gold pieces.

Inventory:

Missiles
 a - 11 arrows
Armour
 b - a +0 robe (melded)
Jewellery
 f - a ring of stealth (left front leg)
Potions
 e - a potion of cancellation {unknown}
Books
 c - a book of Changes

   Spells                             Type                      Level
   a - Beastly Appendage              Transmutation                1
   b - Sticks to Snakes               Transmutation                2
   c - Spider Form                    Transmutation/Poison         3
   d - Ice Form                       Ice/Transmutation            4
   e - Blade Hands                    Transmutation                5
Comestibles
 d - 3 rations


   Skills:
 - Level 1.2 Fighting
 - Level 2.1 Dodging
 * Level 4.6 Unarmed Combat
 - Level 2.1 Spellcasting
 + Level 3.0 Transmutations
 + Level 0.2 Poison Magic


You couldn't memorise any spells.
You knew the following spells:

 Your Spells              Type           Power        Failure   Level  Hunger
a - Beastly Appendage     Tmut           ##....       19%         1    #......
b - Spider Form           Tmut/Pois      #.........   56%         3    ###....
w - Sticks to Snakes      Tmut           ##......     24%         2    ###....


Dungeon Overview and Level Annotations

Branches:
Dungeon (2/15)

Altars:

Annotations:
D:2 Crazy Yiuf


Innate Abilities, Weirdness & Mutations

Shadows flee at your approach. (+LOS)
You can swim through water.
((You cover ground slowly.))
((You can hop short distances.))


Message History

Crazy Yiuf hits you with a quarterstaff of chaos!
You closely miss Crazy Yiuf.
Crazy Yiuf is heavily wounded.
Your transformation is almost over.
Crazy Yiuf grits, "Powder spinner senile!"
Crazy Yiuf hits you with a quarterstaff of chaos.
You are slowing down.
Unknown command.
You hit Crazy Yiuf.
Crazy Yiuf is severely wounded.
Crazy Yiuf hits you with a quarterstaff of chaos!
You are lethally poisoned!
Your limbs are stiffening.
Unknown command.
You barely miss Crazy Yiuf.
Crazy Yiuf is severely wounded.
* * * LOW HITPOINT WARNING * * *
You feel very sick.
Crazy Yiuf hits you with a quarterstaff of chaos!
You die...

#.##.##.###.#
#.##.##.# #.#
#.##.##.# #.#
#######.# #.# #.#
#.# #.# #.# ###
♣♣##.# #.# # #)..#♣♣
♣♣....###)# #
#...gs♣♣♣♣.P....##.#
#
#...#♣..♣..........#
# ###
♣♣♣.♣......######
♣♣♣♣♣##........
#........ ###
######..####.. #.#
#..#.#..####.# #.#
#.#).......... #.#
##.####........


You could see Crazy Yiuf.

Vanquished Creatures
  Jessica (D:2)
  An adder skeleton (D:2)
  2 leopard geckos (D:2)
  3 bats (D:2)
  3 goblins (D:2)
  6 jackals (D:2)
  A quokka (D:2)
  2 frilled lizards (D:2)
  2 rats (D:2)
21 creatures vanquished.

Notes
Turn   | Place    | Note
-------+----------+-------------------------------------------
     0 | D:1      | mopl the Barachi Transmuter began the quest for the Orb.
     0 | D:1      | Reached XP level 1. HP: 15/15 MP: 3/3
    13 | D:1      | You fall through a shaft!
    78 | D:2      | Reached XP level 2. HP: 8/21 MP: 3/5
   375 | D:2      | Learned a level 2 spell: Sticks to Snakes
   407 | D:2      | Reached skill level 4 in Unarmed Combat
   424 | D:2      | Noticed Jessica
   437 | D:2      | Killed Jessica
   437 | D:2      | Reached skill level 3 in Transmutations
   437 | D:2      | Reached XP level 3. HP: 5/26 MP: 0/6
   640 | D:2      | Learned a level 3 spell: Spider Form
  1128 | D:2      | Found a runed door.
  1259 | D:2      | Noticed Crazy Yiuf
  1267 | D:2      | Slain by Crazy Yiuf

Skill      XL: |  1  2 |
---------------+-------+-----
Unarmed Combat | 4 |  4.6
Transmutations | 3 |  3.0
Fighting       | |  1.2
Dodging        | |  2.1
Spellcasting   | |  2.1
Poison Magic   | |  0.2

Action                   || total
-------------------------++-------
Melee: Unarmed           ||    76
       Kick              ||    14
       Punch             ||     1
 Cast: Beastly Appendage ||    13
       Sticks to Snakes  ||     1
       Spider Form       ||     1
  Eat: Chunk             ||     2
Armor: Robe              ||    11
Dodge: Dodged            ||    70
